 Dungeon Crawl Stone Soup version 0.31-a0-259-g771a54ca4b (webtiles) character file.

Game seed: 7017075821744007502

95 qw the Shooter (level 4, -1/36 HPs)
             Began as a Minotaur Hexslinger on July 13, 2023.
             Slain by an orc priest
             ... wielding a +0 hand axe
              (7 damage)
             ... on level 3 of the Dungeon.
             The game lasted 00:00:43 (1758 turns).

qw the Shooter (Minotaur Hexslinger)                Turns: 1758, Time: 00:00:44

Health: -1/36      AC:  7    Str: 13    XL:     4   Next: 40%
Magic:  4/4        EV: 11    Int: 10    God:
Gold:   94         SH:  0    Dex: 14    Spells: 4/5 levels left

rFire   . . .        Y - +1 sling
rCold   . . .        (no shield)
rNeg    . . .        f - +2 ring mail {Will+}
rPois   .            (helmet restricted)
rElec   .            (no cloak)
rCorr   .            (no gloves)
SInv    .            (no boots)
Will    +....        (no amulet)
Stlth   +            (no ring)
HPRegen 0.26/turn    (no ring)
MPRegen 0.09/turn

%: no passive effects
@: about to teleport
A: horns 2, retaliatory headbutt
a: no special abilities


You were on level 3 of the Dungeon.
You visited 1 branch of the dungeon, and saw 3 of its levels.

You collected 94 gold pieces.


Innate Abilities, Weirdness & Mutations

You have a pair of horns on your head.
You reflexively headbutt those who attack you in melee.


   Skills:
 - Level 2.2 Fighting
 + Level 4.6 Ranged Weapons
 - Level 1.2 Armour
 - Level 2.1 Dodging
 - Level 1.0 Spellcasting
 - Level 2.0 Hexes


You had 4 spell levels left.
You knew the following spells:

 Your Spells              Type           Power      Damage    Failure   Level
a - Slow                  Hex            16%        N/A       32%         1

Your spell library contained the following spells:

 Spells                   Type           Power      Damage    Failure   Level
 Inner Flame              Hex/Fire       2%         N/A       82%         3
 Portal Projectile        Hex/Tloc       4%         N/A       82%         3
 Cause Fear               Hex            2%         N/A       97%         4

Inventory:

Hand Weapons
 Y - a +1 sling (weapon)
Armour
 f - a +2 ring mail of willpower (worn)
Jewellery
 b - a +6 ring of intelligence
 c - a ring of fire
 d - an amulet of magic regeneration
Scrolls
 a - a scroll of teleportation
Potions
 e - a potion of might {unknown}
 h - a potion of haste

Dungeon Overview and Level Annotations

Branches:
Dungeon (3/15)

Altars:
Hepliaklqana


Message History

An orc wizard comes into view.
It is wielding a +0 dagger and wearing a +2 robe of willpower.
The orc priest mumbles some strange prayers to Beogh against you.
You resist with some effort.
The orc wizard moves out of view.
You shoot a sling bullet. The sling bullet hits the orc.
You kill the orc!
You shoot a sling bullet.
The sling bullet barely misses the orc priest.
The orc priest invokes the aid of Beogh against you.
Pain shoots through your body!
You shoot a sling bullet.
The sling bullet completely misses the orc priest.
The orc priest mumbles some strange prayers to Beogh against you.
You resist with some effort.
The orc wizard gestures wildly while chanting.
The orc wizard flickers and vanishes!
Deactivating autopickup; reactivate with Ctrl-A.
The orc priest hits you with a +0 hand axe.
You shoot a sling bullet. The sling bullet hits the orc priest.
The orc priest is lightly wounded.
The orc priest hits you with a +0 hand axe.
You shoot a sling bullet. The sling bullet hits the orc priest!
The orc priest is heavily wounded.
The orc priest hits you with a +0 hand axe.
You shoot a sling bullet.
The sling bullet barely misses the orc priest.
The orc priest hits you but does no damage.
You shoot a sling bullet. The sling bullet hits the orc priest.
The orc priest is severely wounded.
The orc priest calls down the wrath of Beogh upon you.
Beogh smites you!
You shoot a sling bullet.
The sling bullet barely misses the orc priest.
Something hits you but does no damage.
The orc priest hits you with a +0 hand axe!
1758 ||| READING 2 scrolls of teleportation.
As you read the scroll of teleportation, it crumbles to dust.
You feel strangely unstable. Something hits you but does no damage.
The orc priest hits you with a +0 hand axe!
You die...

#.>.....# ##.##
######### #.# #
#.# #.# #.#
######.#
#......#
#.####.# #@#
.#### #...o#
........!##.#
#####..# ##..
#.# #......# #.
..# #......#
... ### ###
.......##.#
############.##
..........##
#.............#
##.##..)....
#..###(.####.##


You could see an orc priest.

Vanquished Creatures
  3 adders
  A worm (D:2)
  3 orcs (D:3)
  5 ball pythons
  7 endoplasms
  6 giant cockroaches
  3 goblins
  3 hobgoblins
  10 jackals
  2 quokkas (D:3)
  4 bats
  3 frilled lizards
  3 kobolds
  3 rats
56 creatures vanquished.

Notes
Turn   | Place    | Note
-------+----------+-------------------------------------------
     0 | D:1      | qw the Minotaur Hexslinger began the quest for the Orb.
     0 | D:1      | Reached XP level 1. HP: 16/16 MP: 1/1
     0 | D:1      | 0 ||| qw: Version: 0.3-a-52-g30416fa
     0 | D:1      | 0 ||| qw: Game counter: 6933
     0 | D:1      | 0 ||| qw: Melee chars always use a shield: true
     0 | D:1      | 0 ||| qw: God list: Okawaru
     0 | D:1      | 0 ||| qw: Allow faded altars: false
     0 | D:1      | 0 ||| qw: Do Orc after clearing Dungeon:15 true
     0 | D:1      | 0 ||| qw: Do second Lair branch before Depths: true
     0 | D:1      | 0 ||| qw: Lair rune preference: random
     0 | D:1      | 0 ||| qw: Goals: Normal
     0 | D:1      | 0 ||| PLANNING D:1-11
   126 | D:1      | Reached skill level 3 in Ranged Weapons
   126 | D:1      | Reached XP level 2. HP: 23/23 MP: 2/2
   450 | D:1      | 450 ||| UPGRADING to +2 ring mail of willpower.
   460 | D:1      | 460 ||| DROPPING +0 robe.
   461 | D:1      | 461 ||| READING 3 scrolls labelled IKAM NISMIN.
   464 | D:1      | 464 ||| READING scroll labelled ATHERA JOPEQI.
   465 | D:1      | 465 ||| DROPPING scroll of poison.
   488 | D:2      | Found a hazy altar of Hepliaklqana.
   617 | D:2      | Reached XP level 3. HP: 29/29 MP: 3/3
   902 | D:2      | Reached skill level 4 in Ranged Weapons
   991 | D:2      | Reached skill level 1 in Armour
  1145 | D:2      | 1145 ||| READING scroll labelled SOBIMP ZOEP.
  1198 | D:2      | 1198 ||| DRINKING 2 viscous inky potions.
  1252 | D:3      | Reached XP level 4. HP: 36/36 MP: 4/4
  1757 | D:3      | HP: 6/36 [orc priest/+0 hand axe (7)]
  1758 | D:3      | 1758 ||| READING 2 scrolls of teleportation.
  1758 | D:3      | Slain by an orc priest

Levels and vault maps discovered:
D:1:      matt_arrival_los_fun, layout_rooms, roderic_nine_men_s_morris
D:2:      layout_basic, basic_altar
D:3:      layout_loops_cross, kennysheep_generic_room_13

Skill      XL: |  1  2  3 |
---------------+----------+-----
Ranged Weapons | 3 4 |  4.6
Fighting       | 2 |  2.2
Armour         | 1 |  1.2
Dodging        | |  2.1
Spellcasting   | |  1.0
Hexes          | |  2.0

Action                     |  1- 3 |  4- 6 || total
---------------------------+-------+-------++-------
   Fire: Sling             |   118 |    57 ||   175
    Use: Scroll            |     3 |     1 ||     4
         Potion            |     1 |       ||     1
 Armour: Ring mail         |    32 |     7 ||    39
         Robe              |     2 |       ||     2
  Dodge: Dodged            |    47 |     9 ||    56

Table legend:
 A = Non-vault XP
 B = Vault XP
 C = Vault XP percentage of total XP
 D = Non-vault monster count
 E = Vault monster count
 F = Vault count percentage of total count
                 A         B        C        D         E       F
            +---------+---------+-------+---------+---------+-------
      Total |     135 |       2 |   1.5 |      55 |       1 |   1.8
            +---------+---------+-------+---------+---------+-------
        D:1 |      16 |       0 |   0.0 |       9 |       0 |   0.0
        D:2 |      72 |       0 |   0.0 |      27 |       0 |   0.0
        D:3 |      47 |       2 |   4.1 |      19 |       1 |   5.0
            +---------+---------+-------+---------+---------+-------
